[Event "Titled Tuesday Blitz October 18 Late 2022"]
[White "Ardila, Oscar Humberto"]
[Black "Noboa Silva, Kevin"]
[WhiteFideId "4404742"]
[BlackFideId "3618471"]
[WhiteElo "1898"]
[BlackElo "2178"]
[Result "0-1"]
[Round "04"]
[TimeControl "180+1"]
[Date "2022.10.19"]
[WhiteClock "0:00:15"]
[BlackClock "0:01:53"]

1. d4 g6 2. c4 Bg7 3. Nc3 c5 4. e3 cxd4 5. exd4 Nf6 6. Nf3 d5 7. c5 O-O 8. h3 Bf5 9. Bb5 Ne4 10. O-O Nxc3 11. bxc3 Be4 12. Nd2 Bf5 13. Re1 e5 14. Nb3 e4 15. Be2 h5 16. Bf4 Nc6 17. Qd2 Re8 18. Bb5 Re6 19. Nc1 Na5 20. Nb3 Rc8 21. Nxa5 Qxa5 22. a4 Rd8 23. Be3 a6 24. Bf1 b6 25. cxb6 Rxb6 26. Rec1 Be6 27. Ra3 Rc8 28. Qb2 Rxb2 0-1


[Site "https://www.chess.com"]

[Event "Titled Tuesday Blitz October 18 Late 2022"]
[White "Arkell, Keith C"]
[Black "Burke, Paul"]
[WhiteFideId "400270"]
[BlackFideId "2605767"]
[WhiteElo "2336"]
[BlackElo "1882"]
[Result "1-0"]
[Round "04"]
[TimeControl "180+1"]
[Date "2022.10.19"]
[WhiteClock "0:02:42"]
[BlackClock "0:00:01"]

1. d4 Nf6 2. Nf3 d6 3. c4 g6 4. g3 Bg7 5. Bg2 O-O 6. Nc3 Bd7 7. O-O Qc8 8. d5 Bh3 9. Be3 Bxg2 10. Kxg2 Qd7 11. Qd2 Re8 12. Bh6 Bh8 13. h3 c6 14. e4 cxd5 15. exd5 Na6 16. Rfe1 Rac8 17. b3 Nc5 18. Rad1 Qf5 19. Nd4 Qh5 20. Qg5 Qxg5 21. Bxg5 a6 22. g4 Ncd7 23. Be3 Ne5 24. f4 1-0


[Site "https://www.chess.com"]

[Event "Titled Tuesday Blitz October 18 Late 2022"]
[White "Bayo Milagro, Alvaro"]
[Black "Bilych, Olexiy"]
[WhiteFideId "22275240"]
[BlackFideId "14156504"]
[WhiteElo "2270"]
[BlackElo "2320"]
[Result "0-1"]
[Round "04"]
[TimeControl "180+1"]
[Date "2022.10.18"]
[WhiteClock "0:00:05"]
[BlackClock "0:00:17"]

1. e4 e5 2. Nf3 Nc6 3. Bb5 a6 4. Ba4 Nf6 5. O-O Be7 6. Re1 b5 7. Bb3 O-O 8. d3 d5 9. exd5 Nxd5 10. Nxe5 Nxe5 11. Rxe5 Bb7 12. Re1 Bd6 13. Nd2 a5 14. Ne4 a4 15. Bxd5 Bxd5 16. Qh5 f5 17. Ng5 h6 18. Nf3 Qf6 19. c3 g5 20. Bxg5 Bxf3 21. Qxh6 Qxh6 22. Bxh6 Rf6 23. Bg5 Rg6 24. h4 Bd5 25. a3 Kf7 26. Re2 Re8 27. Rae1 Rxe2 28. Rxe2 Re6 29. Rxe6 Bxe6 30. Kf1 Bd5 31. f3 Kg6 32. Ke2 f4 33. Kd2 Kf5 34. Ke2 c6 35. Kd2 Be5 36. Ke2 Bg7 37. Kd2 Bf6 38. Bxf6 Kxf6 39. Ke2 Kg6 40. Kf2 Kh5 41. g3 c5 42. Kg2 Be6 43. gxf4 Kxh4 44. Kf2 Bf5 45. Ke3 Kh5 46. d4 cxd4+ 47. Kxd4 Be6 48. Ke5 Bc4 49. f5 Kh6 50. Kf6 Kh7 51. f4 Kg8 52. Ke7 Kg7 53. f6+ Kg8 54. Ke8 Be6 55. Ke7 Bf7 0-1


[Site "https://www.chess.com"]

[Event "Titled Tuesday Blitz October 18 Late 2022"]
[White "Bazeev, German"]
[Black "Richter, Paul"]
[WhiteFideId "24119350"]
[BlackFideId "2046350"]
[WhiteElo "2761"]
[BlackElo "2576"]
[Result "0-1"]
[Round "04"]
[TimeControl "180+1"]
[Date "2022.10.19"]
[WhiteClock "0:00:14"]
[BlackClock "0:00:13"]

1. d4 Nf6 2. Nf3 g6 3. c4 Bg7 4. Nc3 O-O 5. Bg5 d6 6. e3 h6 7. Bh4 Qe8 8. Be2 e5 9. O-O c6 10. Rc1 Nbd7 11. b4 Nh7 12. Ne4 g5 13. Nxd6 Qe6 14. Nxc8 gxh4 15. d5 cxd5 16. cxd5 Qf6 17. Rc7 Rd8 18. Qc2 e4 19. Nd4 Ng5 20. d6 Ne5 21. Ne7+ Kh8 22. Nef5 h3 23. g3 Bf8 24. Rxb7 Bxd6 25. Rc1 Bf8 26. Rc7 Rab8 27. a3 a5 28. bxa5 Bxa3 29. Ra1 Bf8 30. a6 Nef3+ 31. Bxf3 Nxf3+ 32. Nxf3 Qxa1+ 33. Qc1 Rb1 0-1


[Site "https://www.chess.com"]

[Event "Titled Tuesday Blitz October 18 Late 2022"]
[White "Becerra, Juan David"]
[Black "Goltsev, Dmitry"]
[WhiteFideId "4404998"]
[BlackFideId "24176710"]
[WhiteElo "2514"]
[BlackElo "2693"]
[Result "0-1"]
[Round "04"]
[TimeControl "180+1"]
[Date "2022.10.19"]
[WhiteClock "0:01:20"]
[BlackClock "0:01:49"]

1. e4 e6 2. d4 d5 3. Bd3 c5 4. exd5 exd5 5. Nf3 Nf6 6. O-O Be7 7. dxc5 Bxc5 8. Re1+ Be6 9. Ng5 O-O 10. Qf3 h6 11. Nxe6 fxe6 12. Qh3 Ne4 13. Qxe6+ Kh8 14. Be3 Bxe3 15. Rxe3 Nxf2 16. Bf5 Qg5 17. Rf3 Nc6 18. Rxf2 Rae8 19. Bd3 Qc1+ 20. Bf1 Rxe6 0-1


[Site "https://www.chess.com"]

[Event "Titled Tuesday Blitz October 18 Late 2022"]
[White "Bellissimo, Joseph F."]
[Black "Fernandez De La Vara, Arnaldo"]
[WhiteFideId "2609843"]
[BlackFideId "3518388"]
[WhiteElo "2103"]
[BlackElo "2387"]
[Result "0-1"]
[Round "04"]
[TimeControl "180+1"]
[Date "2022.10.19"]
[WhiteClock "0:00:11"]
[BlackClock "0:00:06"]

1. e4 c5 2. Nf3 e6 3. c3 d5 4. e5 d4 5. Bd3 Nc6 6. O-O Nge7 7. Re1 Ng6 8. g3 Be7 9. h4 f6 10. exf6 Bxf6 11. h5 Nge5 12. Nxe5 Nxe5 13. Be4 O-O 14. f4 Nf7 15. Qf3 e5 16. d3 exf4 17. gxf4 dxc3 18. Nxc3 Ng5 19. Bd5+ Kh8 20. Qg2 Nh3+ 21. Kh1 Bxc3 22. bxc3 Qh4 23. Rf1 Qxh5 24. Bf3 Qh4 25. Qh2 Bg4 26. Be4 Rae8 27. Be3 b6 28. Rae1 h6 29. Kg2 Qh5 30. Qg3 Rf6 31. Rh1 Rxe4 32. dxe4 Rg6 33. Kf1 Bf3 34. Qh2 Bg2+ 35. Qxg2 Rxg2 36. Kxg2 Qg4+ 37. Kh2 Qh4 38. Kg2 Qg4+ 39. Kh2 Nxf4 40. Bxf4 Qxf4+ 41. Kg2 Qd2+ 42. Kf3 Qxc3+ 43. Kf4 Qf6+ 44. Kg4 Qe6+ 45. Kf4 Qf6+ 46. Ke3 Qd4+ 47. Kf4 c4 48. Kf5 Qf6+ 49. Kg4 Qe5 50. Rh5 Qe6+ 51. Kf4 g5+ 52. Ke3 Kg7 53. Rh2 b5 54. Rf2 Qe5 55. Rf5 Qc3+ 56. Kf2 Qd4+ 57. Kf1 Qd3+ 58. Re2 c3 59. Rd5 Qc4 60. Rd1 b4 61. Rc1 a5 62. e5 Kf7 63. e6+ Ke7 64. Rd1 a4 65. Rd7+ Ke8 66. e7 Qxe2+ 67. Kxe2 Kxd7 68. Kd3 Kxe7 69. Kc4 b3 70. Kb4 bxa2 71. Kxc3 a1=Q+ 72. Kb4 a3 73. Ka5 a2 74. Ka4 Qb2 75. Ka5 a1=Q# 0-1


[Site "https://www.chess.com"]

[Event "Titled Tuesday Blitz October 18 Late 2022"]
[White "Bernat, David"]
[Black "Darini, Pouria"]
[WhiteFideId "2099225"]
[BlackFideId "12502200"]
[WhiteElo "2300"]
[BlackElo "2483"]
[Result "1-0"]
[Round "04"]
[TimeControl "180+1"]
[Date "2022.10.19"]
[WhiteClock "0:00:16"]
[BlackClock "0:00:01"]

1. c4 e5 2. Nc3 Bb4 3. g3 Bxc3 4. dxc3 Nc6 5. e4 d6 6. Be3 Nge7 7. Bg2 Be6 8. b3 Qd7 9. Ne2 Bh3 10. Bxh3 Qxh3 11. Ng1 Qe6 12. Nf3 O-O 13. Ng5 Qd7 14. Qh5 h6 15. h4 f5 16. Nh3 fxe4 17. O-O-O a5 18. a4 Qe6 19. g4 d5 20. g5 dxc4 21. gxh6 g6 22. Rhg1 Kh8 23. Qg4 Qxg4 24. Rxg4 cxb3 25. Ng5 Rad8 26. Re1 Rd3 27. Ne6 Rf3 28. Kb2 b6 29. h5 gxh5 30. Rg5 Rf5 31. Rg7 Nd5 32. Reg1 Nxe3 33. Rg8+ Kh7 34. R1g7+ Kxh6 35. Rh8# 1-0


[Site "https://www.chess.com"]

[Event "Titled Tuesday Blitz October 18 Late 2022"]
[White "Bilan, Danila"]
[Black "Bochnicka, Vladimir"]
[WhiteFideId "24161918"]
[BlackFideId "14943450"]
[WhiteElo "2203"]
[BlackElo "2239"]
[Result "1-0"]
[Round "04"]
[TimeControl "180+1"]
[Date "2022.10.19"]
[WhiteClock "0:01:10"]
[BlackClock "0:00:57"]

1. d4 Nf6 2. Nf3 g6 3. Bg5 Bg7 4. c3 O-O 5. Nbd2 d6 6. e4 Nbd7 7. Qc2 h6 8. Bh4 g5 9. Bg3 Nh5 10. Nc4 e5 11. dxe5 dxe5 12. Ne3 Nc5 13. Bc4 Nf4 14. O-O h5 15. Rad1 Qe7 16. b4 Nce6 17. Nf5 Qf6 18. h4 Kh7 19. Bxe6 Bxe6 20. hxg5 1-0


[Site "https://www.chess.com"]

[Event "Titled Tuesday Blitz October 18 Late 2022"]
[White "Bjelobrk, Igor"]
[Black "Storey, Charles H"]
[WhiteFideId "4300726"]
[BlackFideId "406686"]
[WhiteElo "2335"]
[BlackElo "2252"]
[Result "0-1"]
[Round "04"]
[TimeControl "180+1"]
[Date "2022.10.19"]
[WhiteClock "0:00:03"]
[BlackClock "0:00:08"]

1. c4 e5 2. g3 c6 3. Nf3 e4 4. Nd4 Nf6 5. Bg2 d5 6. cxd5 Qxd5 7. e3 Bb4 8. a3 Ba5 9. b4 Bb6 10. Nc3 Qe5 11. O-O O-O 12. Bb2 Bg4 13. Qc2 Re8 14. h3 Bd7 15. Nce2 Qh5 16. Nf4 Qh6 17. h4 Na6 18. d3 exd3 19. Qxd3 Rad8 20. Nf5 Bxf5 21. Qxf5 Nc7 22. Rad1 Ne6 23. Bxf6 Qxf6 24. Qxf6 gxf6 25. Nh5 Rxd1 26. Nxf6+ Kf8 27. Rxd1 Rd8 28. Rxd8+ Bxd8 29. Ne4 f5 30. Nd6 Bf6 31. Nxb7 Bb2 32. a4 Ba3 33. Na5 Nd8 34. b5 cxb5 35. axb5 Ke7 36. Nc4 Bb4 37. Bd5 Ne6 38. Bxe6 Kxe6 39. Nb2 Kd5 40. Nd3 Bd6 41. Kg2 Kc4 42. Nf4 Kxb5 43. Ne6 a5 44. Nd4+ Kc4 45. Kf3 Be5 46. Nc2 Kc3 47. Na3 Kb3 48. Nb5 Kb4 49. Nd4 Bxd4 50. exd4 Kc4 51. Ke3 a4 52. d5 Kxd5 53. Kd3 a3 54. Kc2 Ke4 55. Kb3 Kf3 56. Kxa3 h5 57. Kb4 Kxf2 58. Kc4 Kxg3 59. Kd4 f4 60. Ke4 f3 61. Ke3 f2 62. Ke2 Kg2 0-1


[Site "https://www.chess.com"]

[Event "Titled Tuesday Blitz October 18 Late 2022"]
[White "Bluebaum, Matthias"]
[Black "Aghasiyev, Kamal"]
[WhiteFideId "24651516"]
[BlackFideId "13402854"]
[WhiteElo "2633"]
[BlackElo "2341"]
[Result "1-0"]
[Round "04"]
[TimeControl "180+1"]
[Date "2022.10.18"]
[WhiteClock "0:00:05"]
[BlackClock "0:00:10"]

1. d4 d5 2. c4 e6 3. Nc3 Nf6 4. Nf3 Be7 5. Qc2 O-O 6. Bg5 Nbd7 7. O-O-O dxc4 8. e4 c6 9. Bxc4 b5 10. Bd3 h6 11. h4 Bb7 12. Qd2 b4 13. Ne2 c5 14. Ng3 c4 15. Bc2 c3 16. Qf4 cxb2+ 17. Kb1 Nb6 18. Bxh6 Nc4 19. Rd3 Rc8 20. Bxg7 Kxg7 21. e5 Rh8 22. exf6+ Bxf6 23. Ne5 Na3+ 24. Rxa3 bxa3 25. Nh5+ Rxh5 26. Qg4+ Kf8 27. Qxh5 Qc7 28. Qe2 Bxe5 29. dxe5 Ba6 30. Qd2 Qxe5 31. Qb4+ Qc5 32. Qxc5+ Rxc5 33. Rh3 Bf1 34. Rxa3 Bxg2 35. Rxa7 Rc4 36. Ra4 Rc3 37. Kxb2 Rf3 38. h5 Rxf2 39. h6 Bd5 40. Rh4 Kg8 41. Rg4+ Kh8 42. Rb4 f5 43. Kc3 Kh7 44. a4 Kxh6 45. a5 Rf3+ 46. Kd4 Ra3 47. Ba4 f4 48. a6 f3 49. Bb5 Kg5 50. Kc5 f2 51. Kb6 f1=Q 52. Bxf1 Kf6 53. a7 Ke5 54. Ba6 Kd6 55. Rb5 e5 56. Rxd5+ Kxd5 57. a8=Q+ Kd4 58. Qd8+ Ke3 59. Qg5+ Kd4 60. Qh4+ e4 61. Qf6+ Ke3 62. Qg5+ Kf2 63. Qc5+ e3 64. Qxa3 1-0


[Site "https://www.chess.com"]

[Event "Titled Tuesday Blitz October 18 Late 2022"]
[White "Bogaudinov, Rushan"]
[Black "Manukian, Artak"]
[WhiteFideId "4129288"]
[BlackFideId "13301373"]
[WhiteElo "1945"]
[BlackElo "2469"]
[Result "0-1"]
[Round "04"]
[TimeControl "180+1"]
[Date "2022.10.19"]
[WhiteClock "0:00:05"]
[BlackClock "0:00:21"]

1. e4 c6 2. d4 d5 3. e5 Bf5 4. c4 e6 5. Nc3 Ne7 6. a3 Nd7 7. c5 f6 8. f4 b6 9. b4 a5 10. Be3 fxe5 11. fxe5 axb4 12. axb4 Rxa1 13. Qxa1 bxc5 14. bxc5 Nxc5 15. dxc5 d4 16. Nb5 Nd5 17. Qxd4 Nxe3 18. Qxe3 cxb5 19. Bxb5+ Kf7 20. Ne2 Qh4+ 21. g3 Qb4+ 22. Nc3 Bxc5 23. Qd2 Bd4 24. Nd1 Qc5 25. Rf1 Rd8 26. g4 Bc3 27. Nxc3 Rxd2 28. Kxd2 Qd4+ 29. Ke2 Qxg4+ 30. Rf3 Ke7 31. Kf2 Qd4+ 32. Kg3 h5 33. h3 Qxe5+ 34. Kf2 Qh2+ 35. Ke3 Bxh3 36. Bd3 Qe5+ 37. Ne4 Bf5 38. Rf4 g5 39. Rf1 h4 40. Rc1 Bxe4 41. Bxe4 Qf4+ 42. Kd4 Qxc1 43. Ke5 Qf4+ 44. Kd4 h3 45. Kd3 h2 46. Bh1 g4 47. Ke2 g3 48. Bg2 Qf2+ 49. Kd3 Qxg2 0-1


[Site "https://www.chess.com"]

[Event "Titled Tuesday Blitz October 18 Late 2022"]
[White "Bongo Akanga Ndjila, Barthelemy"]
[Black "Harshal, Shahi"]
[WhiteFideId "10609431"]
[BlackFideId "5048257"]
[WhiteElo "1768"]
[BlackElo "2054"]
[Result "0-1"]
[Round "04"]
[TimeControl "180+1"]
[Date "2022.10.19"]
[WhiteClock "0:00:05"]
[BlackClock "0:02:42"]

1. e4 c5 2. Nf3 Nc6 3. c3 d5 4. exd5 Qxd5 5. d4 Bg4 6. Be2 e6 7. O-O Nf6 8. h3 Bh5 9. Be3 cxd4 10. cxd4 Bb4 11. a3 Ba5 12. b4 Bb6 13. Nc3 Qd6 14. Nb5 Qe7 15. Rc1 O-O 16. Re1 Rfd8 17. Qb3 a6 18. Nc3 Bxf3 19. Bxf3 Nxd4 20. Bxd4 Bxd4 21. Na4 b5 22. Nc5 Ra7 0-1


[Site "https://www.chess.com"]

[Event "Titled Tuesday Blitz October 18 Late 2022"]
[White "Bordi, Kevin"]
[Black "Aldokhin, Ivan"]
[WhiteFideId "621862"]
[BlackFideId "24115720"]
[WhiteElo "2776"]
[BlackElo "2313"]
[Result "1-0"]
[Round "04"]
[TimeControl "180+1"]
[Date "2022.10.18"]
[WhiteClock "0:00:12"]
[BlackClock "0:00:05"]

1. e4 c5 2. Nf3 e6 3. b4 cxb4 4. d4 d5 5. e5 Nc6 6. Bd3 Nh6 7. Bxh6 gxh6 8. O-O Bg7 9. a3 O-O 10. axb4 Nxb4 11. Be2 f6 12. c3 Nc6 13. exf6 Qxf6 14. Na3 Bd7 15. Nb5 a6 16. Na3 b5 17. Nc2 Be8 18. Nce1 b4 19. cxb4 Nxd4 20. Nxd4 Qxd4 21. Qxd4 Bxd4 22. Rxa6 Rxa6 23. Bxa6 Bh5 24. Nc2 Bb6 25. Ne3 Ra8 26. Bb7 Ra3 27. Re1 Kg7 28. Bc6 Bg6 29. h3 h5 30. b5 Ra2 31. Bd7 Kf6 32. Nxd5+ exd5 33. Re6+ Kg5 34. Rxb6 Ra1+ 35. Kh2 Ra2 36. Rd6 Be4 37. h4+ Kxh4 38. Rf6 Kg5 39. Rf8 d4 40. f3 Bb7 41. Bc6 Bxc6 42. bxc6 Rc2 43. Rc8 d3 44. c7 Kh6 45. Kg3 d2 46. Rd8 Rxc7 47. Rd6+ Kg5 48. Rxd2 h4+ 49. Kh3 Rc5 50. Rd4 Rc1 51. Rg4+ Kf5 52. Kxh4 h5 53. Rb4 Rh1+ 54. Kg3 Kg5 55. Rb5+ Kg6 56. Kf4 Kf6 57. Rb6+ Kg7 58. g3 Kf7 59. Kg5 Kg7 60. Rb7+ Kf8 61. Rh7 Rh3 62. Kf4 Kg8 63. Rc7 Kf8 64. Ra7 Kg8 65. Ra1 Kg7 66. Rg1 Kg6 67. Ke3 Kg5 68. Kf2 h4 69. gxh4+ Kxh4 70. f4 Kh5 71. Rg3 Rh1 72. Kf3 Rf1+ 73. Ke4 Re1+ 74. Kf5 Rf1 75. Rh3# 1-0


[Site "https://www.chess.com"]

[Event "Titled Tuesday Blitz October 18 Late 2022"]
[White "Bortnyk, Mykola"]
[Black "Pakleza, Zbigniew"]
[WhiteFideId "14120836"]
[BlackFideId "1119290"]
[WhiteElo "2582"]
[BlackElo "2411"]
[Result "1-0"]
[Round "04"]
[TimeControl "180+1"]
[Date "2022.10.18"]
[WhiteClock "0:00:15"]
[BlackClock "0:00:04"]

1. e4 d6 2. d4 Nf6 3. Nc3 c6 4. h3 b5 5. a3 e5 6. Nge2 Nbd7 7. g4 Bb7 8. Bg2 Be7 9. Be3 O-O 10. O-O a5 11. f4 b4 12. Nb1 exd4 13. Bxd4 c5 14. Bxf6 Bxf6 15. c3 Qb6 16. Nd2 Ba6 17. g5 Be7 18. Kh2 Rfe8 19. Rf2 Bf8 20. Ng3 bxc3 21. bxc3 Rab8 22. Qg4 Bc8 23. Qh4 Qb2 24. Raf1 Qxc3 25. e5 dxe5 26. Nde4 Qb3 27. fxe5 Nxe5 28. Nh5 Rb6 29. Qf4 Ng6 30. Qxf7+ Qxf7 31. Rxf7 Rb2 32. R7f2 Rxf2 33. Rxf2 c4 34. Nef6+ gxf6 35. Nxf6+ Kf7 36. Bd5+ Ke7 37. Re2+ Kd6 38. Rxe8 Bf5 39. Bxc4 Kc5 40. Be2 Bd6+ 41. Kg1 Kd4 42. Bg4 Bxg4 43. Nxg4 Bxa3 44. Ra8 Bb4 45. Kg2 Kc4 46. Nf6 Kb3 47. Nd5 a4 48. Rb8 Nf4+ 49. Nxf4 a3 50. Nd3 a2 51. Nc1+ Kc4 52. Nxa2 Bd6 53. Rb7 1-0


[Site "https://www.chess.com"]

[Event "Titled Tuesday Blitz October 18 Late 2022"]
[White "Bortnyk, Olexandr"]
[Black "Kravtsiv, Martyn"]
[WhiteFideId "14120828"]
[BlackFideId "14113147"]
[WhiteElo "2723"]
[BlackElo "2694"]
[Result "1-0"]
[Round "04"]
[TimeControl "180+1"]
[Date "2022.10.18"]
[WhiteClock "0:01:28"]
[BlackClock "0:00:02"]

1. d4 d5 2. Nc3 Nf6 3. Bf4 e6 4. Nb5 Na6 5. e3 Be7 6. Nf3 O-O 7. Ne5 Ne4 8. f3 Nd6 9. Nxd6 Bxd6 10. Bxa6 bxa6 11. O-O c5 12. c3 c4 13. Qd2 Bb7 14. Ng4 Be7 15. Rfe1 h5 16. Ne5 Qe8 17. Qc2 g5 18. Bg3 Kg7 19. f4 f6 20. Nf3 g4 21. Nd2 f5 22. h4 Qd8 23. Kf2 Rc8 24. Rh1 a5 25. b3 cxb3 26. axb3 Qb6 27. c4 Bb4 28. c5 Qb5 29. Rhd1 Ba6 30. Nb1 Rb8 31. Kg1 Qe2 32. Qxe2 Bxe2 33. Rc1 Rf7 34. Be1 Bd3 35. Bxb4 axb4 36. Nd2 a6 37. Kf2 Rc7 38. Ra4 Rc6 39. Rca1 Kf7 40. Nf1 Kg6 41. Ke1 Bc2 42. Rxa6 Rxa6 43. Rxa6 Bxb3 44. Rxe6+ Kf7 45. Rb6 Ra8 46. Rxb4 Ra1+ 47. Kf2 Ra2+ 48. Kg1 Bc4 49. Ng3 Bd3 50. Rb7+ Ke6 51. Nxh5 Be4 52. Rb6+ Ke7 53. g3 Ra1+ 54. Kf2 Ra2+ 55. Ke1 Ra1+ 56. Kd2 Ra2+ 57. Kc3 Rc2+ 58. Kb4 Rb2+ 59. Ka5 Ra2+ 60. Kb5 1-0


[Site "https://www.chess.com"]

[Event "Titled Tuesday Blitz October 18 Late 2022"]
[White "Boyer, Mahel"]
[Black "Zhurbinsky, David"]
[WhiteFideId "45102422"]
[BlackFideId "2072904"]
[WhiteElo "2454"]
[BlackElo "2581"]
[Result "0-1"]
[Round "04"]
[TimeControl "180+1"]
[Date "2022.10.18"]
[WhiteClock "0:00:21"]
[BlackClock "0:00:32"]

1. e4 e5 2. Nf3 Nc6 3. Bc4 Bc5 4. c3 Nf6 5. d3 O-O 6. O-O d6 7. a4 a6 8. Na3 Qe7 9. Nc2 Ba7 10. Be3 Be6 11. Bxe6 Qxe6 12. Bxa7 Rxa7 13. Re1 Qb3 14. Qc1 b5 15. Ra3 Qe6 16. d4 exd4 17. Ncxd4 Nxd4 18. Nxd4 Qd7 19. axb5 a5 20. Nc6 Raa8 21. c4 Qg4 22. f3 Qh4 23. Qe3 Nd7 24. Rea1 Nb6 25. b3 Qf6 26. Qd4 Qf4 27. b4 axb4 28. Rxa8 Rxa8 29. Rxa8+ Nxa8 30. Ne7+ Kf8 31. Nf5 Qe5 32. Qa7 Qc5+ 33. Qxc5 dxc5 34. Kf2 b3 0-1


[Site "https://www.chess.com"]

[Event "Titled Tuesday Blitz October 18 Late 2022"]
[White "Brown, Andrew"]
[Black "Hajiyev, Kanan"]
[WhiteFideId "3206513"]
[BlackFideId "13404148"]
[WhiteElo "2245"]
[BlackElo "2118"]
[Result "1-0"]
[Round "04"]
[TimeControl "180+1"]
[Date "2022.10.19"]
[WhiteClock "0:00:40"]
[BlackClock "0:00:04"]

1. d4 d5 2. c4 c6 3. Nc3 Nf6 4. Nf3 g6 5. e3 Bg7 6. Bd3 O-O 7. h3 c5 8. O-O cxd4 9. Nxd4 e5 10. Nb3 Nc6 11. Qe2 e4 12. Bb1 dxc4 13. Rd1 Qe7 14. Qxc4 Be6 15. Qc5 Bxb3 16. Qxe7 Nxe7 17. axb3 Rfd8 18. Rxd8+ Rxd8 19. Rxa7 Ned5 20. Nxe4 Nxe4 21. Bxe4 Nf6 22. Bf3 Ne4 23. Rxb7 Nc5 24. Rb5 Nd3 25. Bd2 Nxb2 26. Bd5 Nd1 27. e4 Nc3 28. Bxc3 Bxc3 29. Rb7 Rf8 30. b4 h5 31. b5 g5 32. Kf1 h4 33. Ke2 Be5 34. Kf3 Kg7 35. Kg4 Kg6 36. b6 f6 37. Be6 Kh6 38. Bf5 Rh8 39. Rd7 Bf4 40. b7 Be5 41. g3 hxg3 42. fxg3 Bb8 43. Rf7 Be5 44. Bc8 Rd8 45. Rxf6+ Kg7 46. Rf5 Bb8 47. Rxg5+ Kf6 48. Rd5 Kg6 49. Rxd8 1-0


[Site "https://www.chess.com"]

[Event "Titled Tuesday Blitz October 18 Late 2022"]
[White "Can, Melih Kaan"]
[Black "Bulgurlu, Okan"]
[WhiteFideId "6317383"]
[BlackFideId "6352316"]
[WhiteElo "2029"]
[BlackElo "2166"]
[Result "0-1"]
[Round "04"]
[TimeControl "180+1"]
[Date "2022.10.19"]
[WhiteClock "0:00:05"]
[BlackClock "0:00:18"]

1. e4 c5 2. Nf3 g6 3. c3 d5 4. exd5 Qxd5 5. d4 Nc6 6. Be3 cxd4 7. cxd4 e5 8. Nc3 Bb4 9. dxe5 Qa5 10. Qb3 Be6 11. Bc4 Bxc4 12. Qxc4 Nge7 13. O-O O-O 14. Qh4 Nf5 15. Qf6 Be7 16. Qxf5 gxf5 17. Rfe1 Nb4 18. Bh6 Rfd8 19. Re2 Rd3 20. Rae1 Rad8 21. e6 f6 22. a3 Nd5 23. Bd2 Nxc3 24. Bxc3 Qd5 25. Nd2 Bxa3 26. Bxf6 Rxd2 27. Re5 Rd1 28. Bxd8 Qxd8 29. bxa3 Rxe1+ 30. Rxe1 Qe7 31. Re3 Kg7 32. f4 Qc5 33. Kf2 Qc2+ 34. Kf3 Qd1+ 35. Kf2 Qd2+ 36. Kf3 Qd5+ 37. Kf2 Kf8 38. e7+ Ke8 39. h3 b5 40. g4 fxg4 41. hxg4 a5 42. f5 Qd4 43. Kf3 b4 44. axb4 axb4 45. g5 Qh4 46. f6 Qh5+ 47. Kf4 Qg6 48. Rg3 h6 49. Rg4 hxg5+ 50. Ke5 Kf7 51. Rxb4 Qxf6+ 52. Kd5 Qxe7 53. Rc4 Qe6+ 54. Kd4 Kf6 55. Rc3 Qe5+ 56. Kd3 Kf5 57. Rc2 Qe4+ 58. Kd2 Qxc2+ 59. Kxc2 Kf4 60. Kd2 Kg3 61. Ke1 Kh2 62. Kf1 g4 63. Kf2 g3+ 0-1


[Site "https://www.chess.com"]

[Event "Titled Tuesday Blitz October 18 Late 2022"]
[White "Carbone, Diego"]
[Black "Decuigniere, Tom"]
[WhiteFideId "3002179"]
[BlackFideId "26093820"]
[WhiteElo "2243"]
[BlackElo "2223"]
[Result "1/2-1/2"]
[Round "04"]
[TimeControl "180+1"]
[Date "2022.10.19"]
[WhiteClock "0:00:12"]
[BlackClock "0:00:24"]

1. d4 Nf6 2. c4 e6 3. Nc3 Bb4 4. Qc2 Nc6 5. Nf3 d6 6. e4 e5 7. d5 Nd4 8. Nxd4 exd4 9. Qa4+ Bd7 10. Qxb4 dxc3 11. Qxc3 O-O 12. f3 Re8 13. Be2 c6 14. dxc6 bxc6 15. O-O d5 16. Bg5 dxe4 17. Bxf6 Qxf6 18. Qxf6 gxf6 19. fxe4 Rxe4 20. Bd3 Re3 21. Rad1 Be6 22. Kf2 Re5 23. b3 a5 24. Be2 a4 25. b4 a3 26. Rd4 Ra4 27. Rb1 Bf5 28. Rb3 Bc2 29. Rd8+ Kg7 30. Rg3+ Rg5 31. Rc3 Bb1 32. h4 Rf5+ 33. Kg1 Rxb4 34. Rg3+ Kh6 35. Rh8 Be4 36. Rxa3 Rb1+ 37. Kh2 Rf2 38. Bf3 Bxf3 39. Rxf3 Rxf3 40. gxf3 Rc1 41. Rc8 Rxc4 42. Kg3 Kg6 43. a4 Kf5 44. a5 Ra4 45. Rxc6 Rxa5 46. Rc7 Kg6 47. Rb7 h5 48. Rc7 Ra1 49. Rd7 Rg1+ 50. Kf4 f5 51. Rd6+ f6 52. Rd8 Ra1 53. Rg8+ Kf7 54. Rh8 Kg6 55. Rg8+ Kh7 56. Rg2 Ra4+ 57. Kxf5 Rxh4 58. Kxf6 Rf4+ 59. Kg5 Rxf3 60. Kxh5 Rf5+ 61. Kg4 Ra5 62. Rh2+ 1/2-1/2


[Site "https://www.chess.com"]

[Event "Titled Tuesday Blitz October 18 Late 2022"]
[White "Castella Garcia, Fausto"]
[Black "Tarnowska, Aleksandra"]
[WhiteFideId "3501922"]
[BlackFideId "1180967"]
[WhiteElo "2246"]
[BlackElo "1776"]
[Result "0-1"]
[Round "04"]
[TimeControl "180+1"]
[Date "2022.10.19"]
[WhiteClock "0:00:16"]
[BlackClock "0:00:07"]

1. e4 c5 2. Nf3 e6 3. Nc3 a6 4. d4 cxd4 5. Nxd4 Qc7 6. Qf3 Nc6 7. Nxc6 dxc6 8. Bc4 Nf6 9. O-O e5 10. a4 Bg4 11. Qg3 h5 12. h3 h4 13. Qe3 Bd7 14. a5 Be7 15. Na4 Nh5 16. Nb6 Rd8 17. Qf3 Nf4 18. Bxf4 exf4 19. e5 Qxe5 20. Rfe1 Qf6 21. Re4 O-O 22. Rxf4 Qg6 23. Re1 Bf6 24. Nxd7 Rxd7 25. Bd3 Qg5 26. Qe4 Qh6 27. Rxf6 gxf6 28. Qf5 Rd5 29. Qf3 Rg5 30. Re4 Kg7 31. Re7 Qh5 32. Qe4 Qd1+ 33. Kh2 Qh5 34. f4 Rg3 35. Be2 Qg6 36. f5 Qg5 37. Bf3 Rg8 38. Qc4 Rf8 39. Rxb7 Qxf5 40. Qxh4 Rg5 41. Be4 Qe5+ 42. Kg1 Qd4+ 43. Kh1 Qd1+ 44. Kh2 Qh5 45. Qxh5 Rxh5 46. Rc7 Rc5 47. c3 Rxa5 48. Bxc6 Rc5 49. c4 Rxc4 50. b4 Rd8 51. b5 axb5 52. h4 Rd6 53. Kg3 Rdxc6 54. Rd7 Rc3+ 55. Kh2 R6c4 56. h5 Rh4+ 57. Kg1 Rxh5 58. Kf2 Rg5 59. Ke2 Rc2+ 60. Kd3 Rcxg2 61. Ke4 R2g4+ 62. Kf3 b4 63. Rb7 Rc4 0-1


[Site "https://www.chess.com"]

[Event "Titled Tuesday Blitz October 18 Late 2022"]
[White "Chan, Kim Yew"]
[Black "Wiegmann, Sascha"]
[WhiteFideId "5717981"]
[BlackFideId "4682041"]
[WhiteElo "2206"]
[BlackElo "2280"]
[Result "0-1"]
[Round "04"]
[TimeControl "180+1"]
[Date "2022.10.19"]
[WhiteClock "0:00:06"]
[BlackClock "0:00:09"]

1. c4 Nf6 2. Nc3 g6 3. Nf3 Bg7 4. d4 O-O 5. Bg5 d6 6. e3 Nbd7 7. Qc2 c5 8. d5 a6 9. a4 Qa5 10. Be2 Ne4 11. Ra3 Nxg5 12. Nxg5 h6 13. Nf3 Nf6 14. O-O e6 15. Rd1 e5 16. Nd2 Bd7 17. Raa1 Qc7 18. a5 Kh7 19. h4 Kh8 20. h5 g5 21. Bd3 Nxh5 22. Bf5 Nf6 23. f3 Qc8 24. Bxd7 Qxd7 25. Kf2 Rae8 26. Rh1 e4 27. Ndxe4 Nxe4+ 28. Nxe4 Qe7 29. Rae1 f5 30. Nxg5 Qxg5 31. Rh3 f4 32. e4 Bd4+ 33. Kf1 Rg8 34. Re2 Re7 35. Qd1 Reg7 36. Ke1 Rg6 37. Kd2 Qf6 38. Qh1 Bxb2 39. Kd1 Bd4 40. Re1 Be3 41. Re2 Qd4+ 42. Ke1 Qa1# 0-1


[Site "https://www.chess.com"]